 Dungeon Crawl Stone Soup version 0.31-a0-640-g39d97e502b (webtiles) character file.

Game seed: 11805725980831466542

158 avis the Chopper (level 5, -2/46 HPs)
             Began as a Hill Orc Monk on Aug 27, 2023.
             Was a Believer of Beogh.
             Slain by an ogre
             ... wielding a +0 giant club
              (10 damage)
             ... on level 3 of the Dungeon.
             The game lasted 00:16:38 (3316 turns).

avis the Chopper (Hill Orc Monk)                    Turns: 3316, Time: 00:16:39

Health: -2/46      AC: 20    Str: 22    XL:     5   Next: 39%
Magic:  5/5        EV:  9    Int: 10    God:    Beogh [**....]
Gold:   130        SH:  0    Dex: 13    Spells: 4/4 levels left

rFire   . . .        i - +2 dagger (protect)
rCold   . . .        (no shield)
rNeg    . . .        z - +0 chain mail
rPois   .            r - +1 hat
rElec   .            v - +2 cloak {rCorr}
rCorr   +            t - +0 pair of gloves
SInv    .            (no boots)
Will    .....        (no amulet) Stlth
                     m - +6 ring of strength
HPRegen 0.27/turn    (no ring)
MPRegen 0.09/turn

%: no passive effects
@: under a protective aura
A: no striking features
a: Renounce Religion, Smiting


You were on level 3 of the Dungeon.
You worshipped Beogh.
Beogh was pleased with you.
You visited 1 branch of the dungeon, and saw 3 of its levels.

You collected 130 gold pieces.

Inventory:

Hand Weapons
 a - a +0 hand axe
 b - a +0 sling
 i - a +2 dagger of protection (weapon)
 q - a +1 dagger of draining
 s - a +0 dagger of venom
 w - a +3 quarterstaff of chaos
Missiles
 g - 27 stones
 y - 2 boomerangs
Armour
 d - an orb of light
 r - a +1 hat (worn)
 t - a +0 pair of gloves (worn)
 v - a +2 cloak of preservation (worn)
 z - a +0 chain mail (worn)
Jewellery
 m - a +6 ring of strength (left hand)
Wands
 o - a wand of flame (18)
Scrolls
 c - a scroll of enchant weapon {unknown}
 e - 5 scrolls of identify {unknown}
 h - a scroll of teleportation {unknown}
 j - a scroll of vulnerability {unknown}
 k - a scroll of brand weapon {unknown}
 p - a scroll of noise {unknown}
 x - a scroll of fear {unknown}
Potions
 l - a potion of invisibility {unknown}
 n - 4 potions of heal wounds {unknown}
 u - a potion of curing {unknown}


   Skills:
 - Level 4.0 Fighting
 * Level 7.6 Axes
 - Level 2.4 Dodging


You had 4 spell levels left.
You didn't know any spells.
Your spell library contained the following spells:

 Spells                   Type           Power      Damage    Failure   Level
 Iskenderun's Battlesphe  Conj           0%         2d6       100%        5
 Leda's Unmaking          Conj/Erth      0%         9d1       100%        6
 Spellforged Servitor     Conj/Summ      0%         N/A       100%        7


Dungeon Overview and Level Annotations

Branches:
Dungeon (3/15)

Altars:
Makhleb
Uskayaw


Message History

Fire: b) +0 sling
Press: ? - help, Q - select action, (/) - cycle Shift-Dir - straight line, f - ogre
Aim: an ogre, wielding a +0 giant club (72% to hit)
You shoot a sling bullet. The sling bullet hits the ogre.
The ogre is lightly wounded.
Fire: b) +0 sling
Press: ? - help, Q - select action, (/) - cycle Shift-Dir - straight line, f/p - ogre
Aim: an ogre, wielding a +0 giant club (lightly wounded, 72% to hit)
You shoot a sling bullet. The sling bullet hits the ogre.
The ogre is lightly wounded.
Your +0 dagger of venom begins to drip with poison!
s - a +0 dagger of venom (weapon)
Aiming: Throw Flame
Press: ? - help, Shift-Dir - straight line, f/p - ogre
Aim: an ogre, wielding a +0 giant club (lightly wounded, 85% to hit)
The puff of flame hits the ogre.
The ogre is moderately wounded.
You hit the ogre.
The ogre is moderately wounded.
The ogre hits you with a +0 giant club!
You hit the ogre.
The ogre is poisoned.
The ogre is heavily wounded.
You barely miss the ogre.
The ogre is heavily wounded.
The ogre hits you with a +0 giant club!
You hit the ogre.
The ogre is severely wounded.
The ogre hits you with a +0 giant club!
* * * LOW HITPOINT WARNING * * *
Your +0 dagger of venom stops dripping with poison.
Your +2 dagger of protection hums with potential!
i - a +2 dagger of protection (weapon)
You hit the ogre.
Your weapon exudes an aura of protection.
The ogre is almost dead.
The ogre closely misses you.
You hit the ogre.
The ogre is almost dead.
The ogre hits you with a +0 giant club!
You die...

........####.##........#........
#######.# #.##........#........
#.# #..'........#........ #.#
####........#........ #.#
#.......#####........ #.#
#.##................. ###
#.####.##.........#######.
..#####......##.O.......#
........#######.@.....###
........#######.......#
........##............#
#.......##............#
#.......##.........####
#.......##.....#####
#.......##..)..#
#.......##.....#########
##########.............#


You could see an ogre (poisoned).

Vanquished Creatures
  Crazy Yiuf (D:3)
  An orc wizard (D:3)
  A gnoll (D:1)
  3 adders (D:2)
  2 worms
  2 dart slugs
  6 orcs (D:3)
  7 endoplasms
  A giant cockroach (D:1)
  11 goblins
  2 hobgoblins (D:1)
  6 jackals
  4 quokkas (D:1)
  5 ball pythons
  6 bats
  7 frilled lizards
  4 kobolds
  2 rats
71 creatures vanquished.

Vanquished Creatures (others)
  An orc priest (D:3)
1 creature vanquished.

Grand Total: 72 creatures vanquished

Notes
Turn   | Place    | Note
-------+----------+-------------------------------------------
     0 | D:1      | avis the Hill Orc Monk began the quest for the Orb.
     0 | D:1      | Reached XP level 1. HP: 19/19 MP: 1/1
    60 | D:1      | Reached XP level 2. HP: 26/26 MP: 2/2
   252 | D:1      | Reached skill level 5 in Axes
   431 | D:1      | Reached XP level 3. HP: 30/31 MP: 3/3
   584 | D:1      | Found a faded altar of an unknown god.
   872 | D:1      | Reached skill level 6 in Axes
  1529 | D:2      | Reached XP level 4. HP: 38/39 MP: 4/4
  1910 | D:2      | Found a hide-covered altar of Uskayaw.
  2738 | D:3      | Became a worshipper of Beogh the Brigand
  2738 | D:3      | Reached * piety under Beogh
  2738 | D:3      | Reached ** piety under Beogh
  2789 | D:3      | Reached skill level 7 in Axes
  2789 | D:3      | Reached XP level 5. HP: 27/46 MP: 5/5
  2867 | D:3      | Found a runed translucent door.
  2868 | D:3      | Noticed Crazy Yiuf
  2976 | D:3      | Killed Crazy Yiuf
  3135 | D:3      | Found a burning altar of Makhleb.
  3203 | D:3      | Noticed an ogre
  3316 | D:3      | Slain by an ogre

Illustrated notes

Levels and vault maps discovered:
D:1:      wander_arrival_lonely_grave, layout_basic,
          shapermc_ecumenical_altar_flowoftime, chequers_serial_rivers_small_3,
          hangedman_decor_riveting
D:2:      layout_basic, basic_altar, serial_bayou_pond_c
D:3:      layout_basic, lemuel_tele_altar, uniq_crazy_yiuf_cottage, uniq_natasha

Skill      XL: |  1  2  3  4 |
---------------+-------------+-----
Axes           | 5 6 7 |  7.6
Fighting       | 4 |  4.0
Dodging        | |  2.4

Action                     |  1- 3 |  4- 6 || total
---------------------------+-------+-------++-------
  Melee: Hand axe          |   106 |   104 ||   210
         Dagger            |       |     6 ||     6
   Fire: Sling             |       |    30 ||    30
 Invoke: Convert to Beogh  |       |     1 ||     1
  Evoke: Wand              |       |     2 ||     2
    Use: Potion            |       |     1 ||     1
 Armour: Robe              |     9 |       ||     9
         Ring mail         |    11 |    49 ||    60
         Chain mail        |       |     2 ||     2
  Dodge: Dodged            |    57 |    44 ||   101

Table legend: (Time is in decaauts)
 A = Elapsed time spent in this place.
 B = Non-inter-level travel time spent in this place.
 C = Inter-level travel time spent in this place.
 D = Time resting spent in this place.
 E = Time spent auto-exploring this place.
 F = Levels seen in this place.
 G = Mean time per level.
                   A        B        C        D        E       F      G
               +--------+--------+--------+--------+--------+-----+--------+
         Total |   3325 |   3093 |    232 |    431 |   1747 |   3 | 1108.3 |
       Dungeon |   3325 |   3093 |    232 |    431 |   1747 |   3 | 1108.3 |
               +--------+--------+--------+--------+--------+-----+--------+

Top non-repeatable levels by time:
     D:1: 1459 daAuts
     D:2: 1125 daAuts
     D:3: 740 daAuts
